[ PARTIDA AOE2 · #506599276 ]
UnrankedYurchen vs Italians
Equipo del jugador · DERR
Equipo rival · VICT
[ ANÁLISIS DE REPETICIÓN · EXTRAÍDO DE LA PARTIDA GRABADA ]
Feudal
9:13
Castillos
24:42
Imperial
—
| APM promedio | 49.3 |
| APM pico | 110 |
| eAPM promedio | 20.1 |
| Aldeanos / militares | 142 / 55 |
Foco
⚔️ 37.5% · 🌾 62.5%
Archer ×25 · Scout Cavalry ×18 · Unknown (1908) ×12 · Cavalry Archer ×7 · Fire Lancer ×3 · Unknown (1911) ×2
Feudal
10:59
Castillos
14:31
Imperial
39:59
| APM promedio | 50.9 |
| APM pico | 99 |
| eAPM promedio | 29.1 |
| Aldeanos / militares | 134 / 41 |
Foco
⚔️ 24.7% · 🌾 75.3%
Genoese Crossbowman ×24 · Petard ×7 · Battering Ram ×5 · Trebuchet (Packed) ×4 · Monk ×1
Mapa de la partida
Recursos iniciales + cada clic de construcción. Líneas = muros · curvas = relieve. ◆ oro · ⬟ piedra · ● bayas · ✦ reliquia · ◌ hueco del cierre
Tu base· Abierta — flanco sin cerrar
Base de Rattack· Abierta — flanco sin cerrar
Terreno inicial suavizado · ◌ = hueco del cierre detectado · pasá el cursor para detalles
Inputs por minuto
— gardensalad - - Rattack
Build order — gardensalad
Primeras 150 de 295 acciones detectadas
| 0:00 | Encolar | Villager (Male) |
| 0:02 | Construir | House |
| 0:06 | Construir | House |
| 0:11 | Encolar | Villager (Male) |
| 0:11 | Encolar | Villager (Male) |
| 0:27 | Encolar | Villager (Male) |
| 1:42 | Encolar | Villager (Male) |
| 1:43 | Encolar | Villager (Male) |
| 2:53 | Encolar | Villager (Male) |
| 3:01 | Encolar | Villager (Male) ×2 |
| 3:21 | Construir | Lumber Camp |
| 3:25 | Construir | Lumber Camp |
| 3:25 | Encolar | Villager (Male) ×2 |
| 3:49 | Encolar | Villager (Male) ×2 |
| 3:59 | Construir | House |
| 4:23 | Encolar | Villager (Male) |
| 4:33 | Encolar | Villager (Male) |
| 5:21 | Encolar | Villager (Male) |
| 5:26 | Encolar | Villager (Male) |
| 6:00 | Encolar | Villager (Male) ×3 |
| 6:02 | Construir | Mill |
| 6:04 | Encolar | Villager (Male) |
| 6:16 | Investigar | Loom |
| 6:26 | Encolar | Villager (Male) |
| 6:26 | Encolar | Villager (Male) |
| 6:48 | Construir | House |
| 6:53 | Investigar | Feudal Age |
| 7:06 | Encolar | Villager (Male) |
| 7:51 | Encolar | Villager (Male) |
| 8:11 | Construir | Barracks |
| 8:17 | Encolar | Villager (Male) |
| 8:17 | Encolar | Villager (Male) |
| 8:45 | Encolar | Villager (Male) |
| 9:11 | Construir | House |
| 9:13 | Edad | Edad Feudal |
| 9:18 | Construir | Stable |
| 9:29 | Investigar | Double-Bit Axe |
| 9:51 | Encolar | Villager (Male) |
| 10:12 | Construir | Lumber Camp |
| 10:15 | Encolar | Scout Cavalry |
| 10:15 | Encolar | Scout Cavalry |
| 10:16 | Encolar | Scout Cavalry |
| 10:16 | Encolar | Scout Cavalry |
| 10:37 | Encolar | Villager (Male) |
| 10:57 | Construir | Archery Range |
| 11:14 | Construir | Mining Camp |
| 11:24 | Encolar | Scout Cavalry |
| 11:37 | Encolar | Scout Cavalry |
| 11:58 | Encolar | Archer |
| 11:58 | Encolar | Archer |
| 12:00 | Construir | House |
| 12:07 | Encolar | Scout Cavalry |
| 12:09 | Encolar | Villager (Male) |
| 12:10 | Construir | House |
| 12:16 | Investigar | Town Watch |
| 12:17 | Encolar | Villager (Male) |
| 12:26 | Encolar | Archer |
| 12:26 | Encolar | Archer |
| 12:56 | Encolar | Villager (Male) |
| 12:57 | Encolar | Villager (Male) |
| 13:31 | Construir | Watch Tower |
| 13:37 | Encolar | Archer |
| 13:38 | Encolar | Villager (Male) |
| 13:42 | Construir | Blacksmith |
| 13:53 | Encolar | Archer |
| 13:54 | Encolar | Villager (Male) |
| 14:03 | Construir | Farm |
| 14:04 | Encolar | Villager (Male) |
| 14:08 | Encolar | Archer |
| 14:27 | Encolar | Villager (Male) |
| 14:40 | Encolar | Scout Cavalry |
| 14:43 | Encolar | Scout Cavalry |
| 14:48 | Investigar | Fletching |
| 14:48 | Encolar | Villager (Male) |
| 14:52 | Construir | House |
| 15:23 | Encolar | Villager (Male) ×3 |
| 15:48 | Encolar | Villager (Male) ×2 |
| 15:57 | Construir | House |
| 16:04 | Encolar | Villager (Male) ×2 |
| 16:09 | Construir | Farm |
| 16:09 | Construir | Farm |
| 16:09 | Construir | Farm |
| 16:20 | Construir | Mining Camp |
| 16:26 | Encolar | Scout Cavalry |
| 16:26 | Encolar | Scout Cavalry |
| 16:27 | Encolar | Villager (Male) |
| 16:56 | Encolar | Archer |
| 16:57 | Encolar | Archer |
| 17:04 | Encolar | Scout Cavalry |
| 17:22 | Encolar | Villager (Male) |
| 17:22 | Encolar | Villager (Male) |
| 17:23 | Encolar | Villager (Male) |
| 17:26 | Construir | Farm |
| 17:26 | Construir | Farm |
| 17:26 | Construir | Farm |
| 17:48 | Construir | House |
| 17:51 | Encolar | Villager (Male) ×2 |
| 17:53 | Construir | Market |
| 17:54 | Encolar | Villager (Male) |
| 17:59 | Construir | House |
| 18:00 | Construir | House |
| 18:15 | Encolar | Scout Cavalry |
| 18:15 | Encolar | Scout Cavalry |
| 18:24 | Encolar | Villager (Male) ×2 |
| 18:40 | Encolar | Scout Cavalry |
| 18:54 | Encolar | Villager (Male) ×3 |
| 19:00 | Encolar | Archer |
| 19:00 | Encolar | Archer |
| 19:30 | Construir | Mining Camp |
| 19:48 | Investigar | Wheelbarrow |
| 19:51 | Construir | Farm |
| 19:54 | Construir | House |
| 19:55 | Construir | House |
| 20:03 | Construir | Watch Tower |
| 20:07 | Construir | Watch Tower |
| 20:47 | Encolar | Scout Cavalry |
| 21:10 | Encolar | Archer |
| 21:11 | Encolar | Archer |
| 21:14 | Encolar | Scout Cavalry |
| 22:02 | Investigar | Castle Age |
| 22:05 | Construir | Mining Camp |
| 22:24 | Construir | Palisade Wall |
| 22:37 | Construir | Palisade Wall |
| 22:46 | Construir | House |
| 22:48 | Encolar | Villager (Male) ×3 |
| 22:58 | Encolar | Villager (Male) |
| 23:07 | Investigar | Scale Barding Armor |
| 23:18 | Encolar | Villager (Male) |
| 23:44 | Encolar | Villager (Male) ×3 |
| 23:57 | Investigar | Horse Collar |
| 24:20 | Investigar | Bloodlines |
| 24:25 | Investigar | Gold Mining |
| 24:31 | Construir | Lumber Camp |
| 24:33 | Encolar | Villager (Male) |
| 24:42 | Edad | Edad de los Castillos |
| 24:54 | Construir | Castle |
| 25:03 | Construir | Archery Range |
| 25:06 | Encolar | Villager (Male) ×2 |
| 25:33 | Encolar | Villager (Male) ×2 |
| 25:45 | Encolar | Villager (Male) ×3 |
| 25:46 | Encolar | Villager (Male) |
| 25:53 | Investigar | Bow Saw |
| 25:54 | Encolar | Villager (Male) |
| 25:54 | Encolar | Villager (Male) |
| 26:32 | Encolar | Unit 1908 |
| 26:32 | Encolar | Unit 1908 |
| 26:38 | Encolar | Villager (Male) |
| 26:42 | Construir | Watch Tower |
| 26:46 | Construir | University |
| 26:52 | Encolar | Cavalry Archer |
Build order — Rattack
Primeras 150 de 290 acciones detectadas
| 0:01 | Encolar | Villager (Male) |
| 0:02 | Construir | House |
| 0:04 | Construir | House |
| 0:12 | Encolar | Villager (Male) |
| 0:13 | Encolar | Villager (Male) |
| 0:13 | Encolar | Villager (Male) |
| 1:17 | Encolar | Villager (Male) |
| 1:17 | Encolar | Villager (Male) |
| 1:54 | Construir | Lumber Camp |
| 1:57 | Encolar | Villager (Male) |
| 2:19 | Encolar | Villager (Male) |
| 2:56 | Encolar | Villager (Male) |
| 3:21 | Encolar | Villager (Male) |
| 3:25 | Construir | Mill |
| 3:49 | Encolar | Villager (Male) |
| 4:14 | Encolar | Villager (Male) |
| 4:18 | Construir | House |
| 4:35 | Encolar | Villager (Male) |
| 5:00 | Construir | House |
| 5:04 | Encolar | Villager (Male) |
| 5:21 | Encolar | Villager (Male) |
| 5:35 | Encolar | Villager (Male) |
| 5:50 | Investigar | Loom |
| 6:10 | Encolar | Villager (Male) |
| 6:11 | Encolar | Villager (Male) |
| 6:25 | Construir | Farm |
| 6:31 | Encolar | Villager (Male) |
| 6:47 | Construir | Farm |
| 7:07 | Encolar | Villager (Male) |
| 7:10 | Encolar | Villager (Male) |
| 7:15 | Encolar | Villager (Male) |
| 7:24 | Encolar | Villager (Male) |
| 7:48 | Encolar | Villager (Male) |
| 8:17 | Investigar | Loom |
| 8:41 | Investigar | Feudal Age |
| 8:43 | Construir | Mining Camp |
| 8:49 | Encolar | Villager (Male) |
| 9:56 | Encolar | Villager (Male) |
| 10:59 | Edad | Edad Feudal |
| 11:01 | Construir | Market |
| 11:03 | Construir | Blacksmith |
| 11:51 | Investigar | Castle Age |
| 12:22 | Encolar | Villager (Male) |
| 12:26 | Construir | House |
| 12:55 | Encolar | Villager (Male) |
| 14:00 | Encolar | Villager (Male) |
| 14:20 | Encolar | Villager (Male) |
| 14:31 | Edad | Edad de los Castillos |
| 14:35 | Construir | Town Center |
| 14:38 | Construir | Town Center |
| 15:08 | Construir | House |
| 15:11 | Construir | House |
| 15:17 | Construir | Palisade Wall |
| 15:22 | Encolar | Villager (Male) |
| 15:31 | Encolar | Villager (Male) |
| 15:36 | Encolar | Villager (Male) |
| 15:44 | Encolar | Villager (Male) |
| 15:45 | Encolar | Villager (Male) |
| 15:45 | Encolar | Villager (Male) |
| 15:48 | Construir | Farm |
| 15:49 | Construir | Farm |
| 16:11 | Construir | Mill |
| 16:31 | Construir | Farm |
| 16:50 | Construir | House |
| 17:01 | Encolar | Villager (Male) |
| 17:07 | Construir | Farm |
| 17:07 | Encolar | Villager (Male) |
| 17:19 | Encolar | Villager (Male) |
| 17:24 | Encolar | Villager (Male) |
| 17:24 | Encolar | Villager (Male) |
| 17:36 | Construir | Farm |
| 17:37 | Encolar | Villager (Male) |
| 17:43 | Encolar | Villager (Male) |
| 17:50 | Encolar | Villager (Male) |
| 17:51 | Encolar | Villager (Male) |
| 18:00 | Encolar | Villager (Male) |
| 18:11 | Encolar | Villager (Male) |
| 18:17 | Encolar | Villager (Male) |
| 18:25 | Encolar | Villager (Male) |
| 18:25 | Encolar | Villager (Male) |
| 18:29 | Construir | Farm |
| 18:34 | Encolar | Villager (Male) |
| 18:34 | Encolar | Villager (Male) |
| 18:40 | Construir | Farm |
| 18:44 | Construir | Farm |
| 18:55 | Encolar | Villager (Male) |
| 19:02 | Construir | House |
| 19:19 | Encolar | Villager (Male) |
| 19:27 | Construir | Farm |
| 19:32 | Encolar | Villager (Male) |
| 19:36 | Construir | Mining Camp |
| 19:49 | Construir | House |
| 19:50 | Encolar | Villager (Male) |
| 19:57 | Encolar | Villager (Male) |
| 19:58 | Construir | House |
| 20:01 | Encolar | Villager (Male) |
| 20:14 | Encolar | Villager (Male) |
| 20:18 | Encolar | Villager (Male) |
| 20:32 | Encolar | Villager (Male) |
| 20:55 | Encolar | Villager (Male) |
| 21:06 | Construir | Town Center |
| 21:20 | Construir | House |
| 21:20 | Construir | House |
| 21:24 | Encolar | Villager (Male) |
| 21:38 | Construir | Palisade Gate |
| 21:44 | Encolar | Villager (Male) |
| 22:19 | Encolar | Villager (Male) |
| 22:20 | Encolar | Villager (Male) |
| 22:41 | Encolar | Villager (Male) |
| 22:50 | Encolar | Villager (Male) |
| 22:50 | Encolar | Villager (Male) |
| 22:50 | Encolar | Villager (Male) |
| 22:51 | Encolar | Villager (Male) |
| 22:52 | Construir | Farm |
| 22:52 | Construir | Farm |
| 22:52 | Construir | Farm |
| 22:53 | Construir | Farm |
| 23:06 | Construir | House |
| 23:15 | Construir | Watch Tower |
| 23:35 | Encolar | Villager (Male) |
| 23:35 | Encolar | Villager (Male) |
| 23:36 | Encolar | Villager (Male) |
| 23:37 | Construir | Farm |
| 23:37 | Construir | Farm |
| 23:38 | Construir | Farm |
| 23:38 | Construir | Farm |
| 23:38 | Construir | Farm |
| 23:39 | Construir | Farm |
| 23:39 | Construir | Farm |
| 24:02 | Construir | Watch Tower |
| 24:15 | Encolar | Villager (Male) |
| 24:17 | Construir | Watch Tower |
| 24:27 | Investigar | Fletching |
| 24:28 | Encolar | Villager (Male) |
| 24:28 | Encolar | Villager (Male) |
| 24:44 | Encolar | Villager (Male) |
| 25:03 | Construir | Outpost |
| 25:10 | Encolar | Villager (Male) |
| 25:27 | Encolar | Villager (Male) |
| 25:33 | Construir | Castle |
| 25:50 | Encolar | Villager (Male) |
| 25:52 | Encolar | Villager (Male) |
| 25:57 | Construir | Lumber Camp |
| 26:22 | Encolar | Petard |
| 26:31 | Encolar | Petard |
| 26:35 | Encolar | Petard |
| 26:35 | Encolar | Petard |
| 26:43 | Construir | Lumber Camp |
| 26:44 | Encolar | Villager (Male) |
| 26:44 | Encolar | Villager (Male) |
Cronología de la partida
| 8:11 | gardensalad · first_building Barracks |
| 9:13 | gardensalad · age_up feudal |
| 9:18 | gardensalad · first_building Stable |
| 10:57 | gardensalad · first_building Archery Range |
| 10:59 | Rattack · age_up feudal |
| 12:43 | Rattack · first_market_buy 100 wood |
| 13:51 | Rattack · first_market_sell 100 food |
| 14:31 | Rattack · age_up castle |
| 15:17 | Rattack · wall_segment Palisade Wall x1 |
| 19:05 | gardensalad · first_market_buy 100 food |
| 22:24 | gardensalad · wall_segment Palisade Wall x1 |
| 22:37 | gardensalad · wall_segment Palisade Wall x1 |
| 24:42 | gardensalad · age_up castle |
| 24:54 | gardensalad · first_building Castle |
| 25:33 | Rattack · first_building Castle |
| 27:18 | Rattack · first_building Siege Workshop |
| 39:59 | Rattack · age_up imperial |
| 41:35 | Rattack · first_building Monastery |
| 44:03 | gardensalad · resign |
[ ANÁLISIS IA · 1 CRÉDITO ]
¿Qué pasó realmente en esta partida?
Wolo.gg analiza cada decisión: build order, eco, micro, errores típicos por bracket. Análisis personalizado por WhatsApp o Discord en 30 segundos.
Guía civ
Yurchen
Perfil
gardensalad